 Dungeon Crawl Stone Soup version 0.27.1-33-g824d729ab1 (console) character file.

Game seed: 3765268003415736489

3156 CuBeRJAN3 the Thaumaturge (level 9, -5/45 HPs)
             Began as a Deep Elf Fire Elementalist on Dec 12, 2021.
             Was a Believer of Vehumet.
             Slain by a boulder beetle (29 damage)
             ... on level 7 of the Dungeon.
             The game lasted 00:41:30 (10577 turns).

CuBeRJAN3 the Thaumaturge (DEFE)                   Turns: 10577, Time: 00:41:31

Health: -5/45      AC:  8    Str:  5    XL:     9   Next: 62%
Magic:  20/25      EV: 15    Int: 23    God:    Vehumet [**....]
Gold:   301        SH:  0    Dex: 16    Spells: 6/28 levels left

rFire    + . .     SeeInvis +   d - +0 dagger
rCold    . . .     Faith    +   (no shield)
rNeg     . . .     Spirit   .   a - +2 robe
rPois    .         Reflect  .   p - +0 helmet
rElec    .         Harm     .   (no cloak)
rCorr    .         Rampage  .   (no gloves)
Will     .....                  t - +2 pair of boots
Stlth    ++++......             s - amulet of faith
HPRegen  0.15/turn              i - ring of see invisible
MPRegen  0.19/turn              z - ring of protection from fire

@: no status effects
A: no striking features
a: Renounce Religion


You were on level 7 of the Dungeon.
You worshipped Vehumet.
Vehumet was pleased with you.
You visited 2 branches of the dungeon, and saw 8 of its levels.

You collected 301 gold pieces.

Inventory:

Hand Weapons
 d - a +0 dagger (weapon)
Missiles
 w - 2 throwing nets
Armour
 a - a +2 robe (worn)
 p - a +0 helmet (worn)
 t - a +2 pair of boots (worn)
Jewellery
 i - a ring of see invisible (left hand)
 r - a ring of ice
 s - an amulet of faith (around neck)
 z - a ring of protection from fire (right hand)
Wands
 g - a wand of polymorph (6)
 v - a wand of flame (36)
Scrolls
 b - a scroll of noise
 c - a scroll of blinking
 h - a scroll of magic mapping {unknown}
 j - a scroll of immolation {unknown}
 n - a scroll of enchant weapon {unknown}
 q - 3 scrolls of teleportation
 y - a scroll of summoning {unknown}
 A - a scroll of amnesia {unknown}
Potions
 e - 2 potions of degeneration
 f - a potion of flight
 k - a potion of haste {unknown}
 l - a potion of heal wounds {unknown}
 m - a potion of magic {unknown}
 o - a potion of brilliance {unknown}
 u - 2 potions of curing
 x - a potion of might {unknown}


   Skills:
 + Level 6.5 Dodging
 + Level 7.1 Stealth
 * Level 10.0 Spellcasting
 + Level 5.7 Conjurations
 + Level 5.5 Hexes
 + Level 2.0 Translocations
 + Level 6.5 Fire Magic


You had 6 spell levels left.
You knew the following spells:

 Your Spells              Type           Power      Damage    Failure   Level
a - Foxfire               Conj/Fire      100%       2x1d9     1%          1
b - Conjure Flame         Conj/Fire      39%        6-21      1%          3
c - Inner Flame           Hex/Fire       39%        N/A       1%          3
d - Sticky Flame          Conj/Fire      39%        2d6       4%          4
e - Fireball              Conj/Fire      19%        3d9       13%         5
f - Magic Dart            Conj           100%       1d8       1%          1
g - Blink                 Tloc           N/A        N/A       3%          2
h - Lesser Beckoning      Tloc           10%        N/A       8%          3

Your spell library contained the following spells:

 Spells                   Type           Power      Damage    Failure   Level
 Freeze                   Ice            44%        1d6       5%          1
 Beastly Appendage        Tmut           22%        N/A       5%          1
 Wereblood                Tmut           11%        N/A       9%          2
 Spider Form              Tmut/Pois      5%         N/A       17%         3
 Manifold Assault         Tloc           20%        N/A       56%         5


Dungeon Overview and Level Annotations

Branches:
Dungeon (7/15)             Temple (1/1) D:5

Altars:
Ashenzari
Dithmenos
Elyvilon
Fedhas
Gozag
Hepliaklqana
Kikubaaqudgha
Makhleb
Nemelex Xobeh
Qazlal
Ru
Sif Muna
Trog
Uskayaw
Vehumet
Wu Jian
Zin

Annotations:
D:6 Prince Ribbit


Message History

Your Spellcasting skill increases to level 10!
Your Translocations skill increases to level 2!
You start resting.
Your foxfire dissipates!
You start resting.
Your foxfire dissipates! x2
You start resting.
Magic restored.
A boulder beetle comes into view.
The boulder beetle bites you.
There is an open door, spattered with blood here.
You see here a scorpion corpse.
You see here a +0 club.
The boulder beetle curls into a ball and begins rolling!
The boulder beetle closely misses you.
The boulder beetle stops rolling and uncurls.
Casting: Foxfire (safe; 1% risk of failure)
Confirm with . or Enter, or press ? or * to list all spells.
You blink.
The boulder beetle leaps!
The boulder beetle curls into a ball and begins rolling!
Things that are here:
a +1 battleaxe; a +0 robe
Things that are here:
a +5 halberd of freezing; a +0 robe
Casting: Blink (safe; 3% risk of failure)
Confirm with . or Enter, or press ? or * to list all spells.
You blink.
Casting: Blink (safe; 3% risk of failure)
Confirm with . or Enter, or press ? or * to list all spells.
You blink.
The boulder beetle hits you!!
The boulder beetle stops rolling and uncurls.
The boulder beetle curls into a ball and begins rolling!
Casting: Blink (safe; 3% risk of failure)
Confirm with . or Enter, or press ? or * to list all spells.
You blink.
The boulder beetle hits you!!
Ouch! That really hurt!
You die...

#○########.# #.#.
#.#####....########.#.
#)..§°......>.....#.#.
############.#####.#########>#.#.
.))............# #.# #.#...
#######.#.####.# #.# #.###. #####
#(#.# #.# #.# #..... ....#
#.#.####.# #°############## ###.#
#........# #°##............ #.#
###.########○##.########### #.#
#†# #.@B.##.#..##### ###.#####.#
#.#####.#......#
..#.......#####+#####.#.####.#
..########..............# #.# ..#
#..........#.######.# ).#
#..<.......#........#
..########..........##########
.........#.................#
.........######(...........#
.........# #............#
..######## #............#


You could see a boulder beetle (rolling).

Vanquished Creatures
  A vampire mosquito (D:7)
  A water moccasin (D:4)
  2 orc warriors (D:7)
  A sky beast (D:7)
  A black bear (D:6)
  A hornet zombie (D:6)
  2 necrophages (D:7)
  An ice beast (D:7)
  4 ogres
  A centaur (D:5)
  A phantom (D:4)
  2 kobold brigands
  A bullfrog (D:7)
  A wyvern zombie (D:7)
  2 scorpions
  2 electric eels
  13 wights
  A centaur zombie (D:6)
  2 bullfrog zombies
  A hound (D:6)
  A jelly (D:6)
  4 orc priests
  5 iguanas
  4 orc wizards
  2 killer bee zombies (D:7)
  2 hound skeletons (D:4)
  5 gnolls
  3 adders
  A shadow imp (D:7)
  A white imp (D:4)
  An adder skeleton (D:4)
  2 worms
  14 orcs
  3 endoplasms (D:2)
  3 giant cockroaches
  3 goblins
  4 hobgoblins
  7 quokkas
  A ball python (D:4)
  2 bats (D:1)
  3 frilled lizards
  9 kobolds
  5 rats
126 creatures vanquished.

Vanquished Creatures (collateral kills)
  5 foxfires
5 creatures vanquished.

Vanquished Creatures (others)
  520 foxfires
  13 plants (D:7)
533 creatures vanquished.

Grand Total: 664 creatures vanquished

Notes
Turn   | Place    | Note
-------+----------+-------------------------------------------
     0 | D:1      | CuBeRJAN3 the Deep Elf Fire Elementalist began the quest
                  | for the Orb.
     0 | D:1      | Reached XP level 1. HP: 10/10 MP: 6/6
   239 | D:1      | Found a faded altar of an unknown god.
   319 | D:1      | Reached XP level 2. HP: 15/15 MP: 2/8
  1436 | D:2      | Reached XP level 3. HP: 16/19 MP: 7/10
  1704 | D:2      | Learned a level 3 spell: Conjure Flame
  1708 | D:2      | Learned a level 3 spell: Inner Flame
  1912 | D:2      | Reached skill level 4 in Spellcasting
  2013 | D:2      | Found a glowing silver altar of Zin.
  2444 | D:3      | Found a hazy altar of Hepliaklqana.
  2696 | D:3      | Reached XP level 4. HP: 24/24 MP: 9/12
  2724 | D:3      | Learned a level 4 spell: Sticky Flame
  3360 | D:4      | Noticed an ogre
  3386 | D:4      | Killed an ogre
  3387 | D:4      | Reached skill level 5 in Spellcasting
  3387 | D:4      | Reached XP level 5. HP: 28/28 MP: 1/14
  3619 | D:4      | Noticed a phantom
  3817 | D:4      | Killed a phantom
  3952 | D:4      | Reached XP level 6. HP: 32/32 MP: 13/16
  4141 | D:4      | Learned a level 5 spell: Fireball
  4426 | D:4      | Noticed a water moccasin
  4441 | D:4      | Killed a water moccasin
  4442 | D:4      | Reached skill level 6 in Spellcasting
  4442 | D:4      | Reached skill level 1 in Hexes
  4594 | D:4      | Reached XP level 7. HP: 29/36 MP: 7/18
  4946 | D:5      | Entered Level 5 of the Dungeon
  5498 | D:5      | Found a staircase to the Ecumenical Temple.
  5513 | Temple   | Entered the Ecumenical Temple
  5599 | Temple   | Became a worshipper of Vehumet
  5668 | D:5      | Found an opulent altar of Gozag.
  6552 | D:6      | Reached skill level 5 in Stealth
  6552 | D:6      | Reached skill level 7 in Spellcasting
  6552 | D:6      | Reached skill level 5 in Fire Magic
  6911 | D:6      | Reached XP level 8. HP: 41/41 MP: 7/21
  6979 | D:6      | Reached skill level 5 in Dodging
  7265 | D:6      | Reached * piety under Vehumet
  7265 | D:6      | Offered knowledge of Magic Dart by Vehumet.
  7343 | D:6      | Learned a level 1 spell: Magic Dart
  7392 | D:6      | Found a glowing silver altar of Zin.
  7392 | D:6      | Found a sparkling altar of Nemelex Xobeh.
  7394 | D:6      | Found a white marble altar of Elyvilon.
  7573 | D:6      | Reached skill level 8 in Spellcasting
  8808 | D:6      | Noticed Prince Ribbit
  9147 | D:7      | Reached skill level 5 in Conjurations
  9147 | D:7      | Reached XP level 9. HP: 45/45 MP: 10/23
  9152 | D:7      | Reached skill level 9 in Spellcasting
  9485 | D:7      | Offered knowledge of Freeze by Vehumet.
  9573 | D:7      | Learned a level 2 spell: Blink
  9577 | D:7      | Learned a level 3 spell: Lesser Beckoning
  9945 | D:7      | Reached ** piety under Vehumet
  9948 | D:7      | Reached skill level 5 in Hexes
 10056 | D:7      | Reached skill level 1 in Translocations
 10487 | D:7      | Reached skill level 10 in Spellcasting
 10546 | D:7      | Noticed a boulder beetle
 10577 | D:7      | Slain by a boulder beetle

Illustrated notes

Levels and vault maps discovered:
D:1:      giann_wishing_wells, layout_basic, ebering_ecumenical_altar_webs,
          minmay_splitting_lines
D:2:      layout_basic, basic_altar
D:3:      layout_basic, nicolae_hepliaklqana_hazy_memory
D:4:      layout_basic
D:5:      layout_layer_cave, nicolae_gozag_seed_capital,
          minmay_temple_entry_stoned_glass
D:6:      layout_loops_ring, grunt_temple_overflow_open, hangedman_decor_push,
          nicolae_water_bricks, grunt_ministairs_8, uniq_prince_ribbit1
D:7:      layout_basic, kennysheep_crisscross, serial_bayou_ford_a,
          minmay_the_grid_2x2 [minmay_the_grid_minigrid_small,
          minmay_the_grid_minigrid_medium, minmay_the_grid_armoury,
          minmay_the_grid_prize_trominoes]
Temple:   nicolae_temple_hex_pool

Skill      XL: |  1  2  3  4  5  6  7  8  9 |
---------------+----------------------------+-----
Spellcasting   | 4 5 6 7 8 10 | 10.0
Dodging        | 3 4 5 6 |  6.5
Stealth        | 3 4 5 6 7 |  7.1
Conjurations   | 2 3 4 5 |  5.7
Fire Magic     | 4 5 6 |  6.5
Hexes          | 1 2 4 5 |  5.5
Translocations | 2 |  2.0

Action                   |  1- 3 |  4- 6 |  7- 9 || total
-------------------------+-------+-------+-------++-------
Melee: Unarmed           |     1 |       |       ||     1
       Dagger            |     2 |     1 |     4 ||     7
 Cast: Foxfire           |    74 |    46 |   224 ||   344
       Conjure Flame     |     1 |    12 |    20 ||    33
       Inner Flame       |       |     6 |     8 ||    14
       Sticky Flame      |       |     1 |    25 ||    26
       Fireball          |       |       |     4 ||     4
       Blink             |       |       |     4 ||     4
  Use: Scroll            |       |       |    10 ||    10
Armor: Robe              |     3 |     5 |    12 ||    20
Dodge: Dodged            |    17 |    14 |    54 ||    85
